 Dungeon Crawl Stone Soup version 0.23.2-1-ga50397a (webtiles) character file.

Game seed: 252089820440765239

211993 Fang the Warrior (level 18, -2/124 HPs)
             Began as a Gargoyle Berserker on May 24, 2019.
             Was the Champion of Trog.
             Slain by a seven-headed hydra (8 damage)
             ... on level 3 of the Swamp on May 28, 2019.
             The game lasted 00:48:22 (40153 turns).

Fang the Warrior (Gargoyle Berserker)              Turns: 40153, Time: 00:48:22

Health: -2/124     AC: 40    Str: 28    XL:     18   Next: 91%
Magic:  18/18      EV: 15    Int: 12    God:    Trog [******]
Gold:   3722       SH:  0    Dex: 12    Spells: 17/17 levels left

rFire    . . .     SeeInvis +   O - +8 frozen axe "Frostbite" {freezing cloud, *Noise +Fly rC+}
rCold    + . .     Gourm    +   (shield currently unavailable)
rNeg     + . .     Faith    .   b - +5 plate armour
rPois    ∞         Spirit   .   u - +2 hat {MR+}
rElec    +         Reflect  .   k - +0 cloak of the Merchant {rCorr Stlth+}
rCorr    +         Harm     .   (no gloves)
MR       ++...                  (no boots)
Stlth    ..........             H - amulet of the gourmand
HPRegen  0.30/turn              d - ring of see invisible
MPRegen  0.16/turn              J - ring of Toxatel {rElec Int+3 Dex+3}

@: flying, very slightly contaminated
A: big wings, negative energy resistance 1, electricity resistance, unbreathing,
petrification resistance, rot immunity, AC +13
}: 1/15 runes: serpentine
a: Stop Flying, Berserk, Trog's Hand, Brothers in Arms, Renounce Religion


You were on level 3 of the Swamp.
You worshipped Trog.
Trog was exalted by your worship.
You were completely stuffed.

You visited 6 branches of the dungeon, and saw 32 of its levels.
You also visited: Sewer.

You collected 3722 gold pieces.

Inventory:

Hand Weapons
 a - a +6 war axe of electrocution
 r - a +4 battleaxe of chopping
 x - a +1 hand axe of flaming
 D - a +6 antimagic war axe
 M - a +7 battleaxe of freezing
 O - the +8 frozen axe "Frostbite" (weapon) {freezing cloud, *Noise +Fly rC+}
   (Trog gifted it to you on level 2 of the Swamp)

   It has been specially enchanted to freeze those struck by it, causing extra
   injury to most foes and up to half again as much damage against particularly
   susceptible opponents.
   It can also slow down cold-blooded creatures.
   It protects you from cold.
   It lets you fly.
   It may make noises in combat.
 S - a +2 war axe of venom
Armour
 b - a +5 plate armour (worn)
 k - the +0 cloak of the Merchant (worn) {rCorr Stlth+}
   (You found it on level 13 of the Dungeon)

   It provides partial protection from all sources of acid and corrosion.
   It makes you more stealthy.
 u - a +2 hat of magic resistance (worn)
 z - a scarf of cloud immunity
Jewellery
 d - a ring of see invisible (left hand)
 e - a +2 ring of dexterity
 y - an uncursed ring of protection from fire
 H - an amulet of the gourmand (around neck)
 I - the ring of Caly {+Fly Str+4}
   (You found it on level 13 of the Dungeon)

   [ring of flight]

   It affects your strength (+4).
   It lets you fly.
 J - the ring of Toxatel (right hand) {rElec Int+3 Dex+3}
   (You found it on level 14 of the Dungeon)

   [ring of dexterity]

   It affects your intelligence (+3).
   It affects your dexterity (+3).
   It insulates you from electricity.
 P - a +4 amulet of reflection
Wands
 f - a wand of paralysis (23)
 j - a wand of clouds (5)
 o - a wand of random effects (31)
 t - a wand of acid (17)
 v - a wand of digging (13)
 w - a wand of flame (45)
 A - a wand of polymorph (16)
 E - a wand of iceblast (18)
 F - a wand of disintegration (36)
 N - a wand of enslavement (21)
Scrolls
 i - 11 scrolls of remove curse
 l - 14 scrolls of teleportation
 p - 2 scrolls of blinking
 q - 6 scrolls of fog
 B - 3 scrolls of magic mapping
 G - 3 scrolls of fear
 K - 10 scrolls of identify
Potions
 g - 2 potions of haste
 h - 20 potions of curing
 m - 3 potions of heal wounds
 n - 4 potions of agility
 s - 2 potions of might
 C - a potion of mutation
 L - a potion of cancellation
 R - a potion of berserk rage
Comestibles
 c - 55 rations
 Q - 11 chunks of flesh


   Skills:
 + Level 17.8 Fighting
 + Level 15.3 Axes
 + Level 17.7 Armour
 + Level 14.2 Dodging


You had 17 spell levels left.
You didn't know any spells.
Your spell library was empty.

Dungeon Overview and Level Annotations

Branches:
Dungeon (15/15)            Temple (1/1) D:7            Lair (6/6) D:9
  Swamp (4/4) Lair:4        Snake (4/4) Lair:3        Slime (0/5) Lair:6
    Orc (2/2) D:10            Elf (0/3) Orc:2        Vaults (0/5) D:13
 Depths (0/5) D:15

Altars:
Ashenzari
Dithmenos
Elyvilon
Makhleb
Nemelex Xobeh
Okawaru
Qazlal
Ru
Wu Jian
Xom
Yredelemnul
Beogh
Jiyva

Shops:
D:8 =   D:9 **[:   D:13 %   Orc:2 [*[[(   Snake:3 *=

Annotations:
D:8 1 runed translucent door
D:12 1 runed translucent door, Crabhammer's ghost, journeyman GrEE
Lair:5 exclusion: oklob plant
Swamp:2 1 runed translucent door, Tsarbomb's ghost, journeyman MiBe


Innate Abilities, Weirdness & Mutations

You are resistant to torment.
Your stone body is resilient. (AC +13)
You are immune to poison.
Your large and strong wings let you fly indefinitely.
You resist negative energy. (rN+)
You are resistant to electric shocks. (rElec)
You can survive without breathing.
You are immune to petrification.
You are immune to rotting.


Message History

The eight-headed hydra closely misses you.
The eight-headed hydra bites you but does no damage. x2
The eight-headed hydra bites you.
* * * LOW HITPOINT WARNING * * *
The eight-headed hydra bites you but does no damage.
The eight-headed hydra closely misses you.
The five-headed hydra bites you but does no damage. x3
The five-headed hydra closely misses you. x2
The swamp dragon bites you!
* * * LOW HITPOINT WARNING * * *
The swamp dragon misses you.
The swamp dragon tramples you but does no damage.
The seven-headed hydra bites you!
* * * LOW HITPOINT WARNING * * *
The seven-headed hydra bites you but does no damage.
The seven-headed hydra bites you!
* * * LOW HITPOINT WARNING * * *
The seven-headed hydra bites you but does no damage. x2
The seven-headed hydra bites you!
You die...

♣.≈♣.♣♣ ♣.≈≈≈.≈..♣≈≈....♣ ..≈≈≈≈♣
♣≈≈≈≈.≈≈.♣♣≈≈≈≈≈♣ ≈≈♣≈≈≈♣
♣♣.♣≈.≈≈.≈≈♣≈≈≈≈≈♣ ≈≈....♣
♣≈≈≈.≈≈≈.♣≈≈≈≈≈≈≈♣ ≈≈.≈≈.♣
♣♣≈.≈≈♣≈≈≈≈.♣♣≈≈≈≈♣ ≈≈≈≈♣≈♣
♣♣♣♣≈≈≈≈.≈≈≈≈)≈§≈≈...♣
≈≈≈..≈♣♣♣.♣..≈.≈≈≈....≈≈..≈≈.♣
.....≈≈♣...≈≈≈)≈≈D≈≈≈.≈≈♣..≈.♣
♣..≈.........≈≈≈@D≈≈≈.≈≈≈....♣
♣♣≈≈≈≈.≈...≈≈≈.≈DD≈.≈♣♣≈≈....♣♣
♣.≈.≈≈≈.≈.≈...♣≈≈≈≈≈≈♣≈≈.....♣
♣♣....≈≈≈≈≈≈...♣≈.≈≈≈...≈....♣♣
♣♣♣≈...≈≈≈≈≈≈♣.♣♣.≈≈..♣♣≈...≈♣♣♣♣
.♣♣...♣.≈....§..♣.≈≈.♣♣♣♣≈.≈≈♣..§
♣♣♣≈≈≈♣<..♣♣≈≈..♣.♣≈♣♣ ♣≈≈♣≈≈..♣
♣ ♣.≈≈♣≈≈≈.♣♣.≈.♣...♣ ♣♣.....♣♣
♣≈♣.♣≈..♣♣♣.§♣...♣♣ ♣...≈..♣


You could see an eight-headed hydra, a seven-headed hydra, a five-headed hydra
and a swamp dragon.

Vanquished Creatures
  Gastronok (D:8)
  A thorn hunter (Swamp:1)
  Kirke (Swamp:1)
  8 nagarajas (Snake:4)
  An orc warlord (Orc:1)
  Aizul (Snake:4)
  Louise (D:14)
  Azrael (Snake:3)
  A fire dragon (Lair:6)
  11 naga warriors
  2 vault guards (D:13)
  A yaktaur captain (D:15)
  8 hydras
  A death knight (D:11)
  4 centaur warriors
  14 anacondas
  A shambling mangrove (Swamp:3)
  14 alligators
  A tengu warrior (D:15)
  2 two-headed ogres
  11 death yaks
  2 orc high priests
  14 naga sharpshooters
  8 shock serpents
  Nergalle (Orc:1)
  A spriggan (Swamp:2)
  8 unseen horrors
  3 swamp dragons
  3 salamander mystics
  8 sea snakes (Snake:4)
  A harpy (shapeshifter) (D:15)
  5 naga ritualists
  A lindwurm (Lair:6)
  A wizard (D:11)
  A deep elf mage (D:13)
  A wolf spider zombie (D:14)
  2 orc knights (Orc:1)
  11 ugly things
  2 wolf spiders (Lair:6)
  9 mana vipers
  3 orc sorcerers (Orc:1)
  9 salamanders
  5 cyclopes
  9 elephants
  Joseph (D:8)
  10 guardian serpents
  42 black mambas
  6 torpor snails
  Maurice (D:9)
  2 gargoyles (D:14)
  19 naga magi
  23 spiny frogs
  7 komodo dragons
  6 rime drakes
  An efreet (D:13)
  A yaktaur (D:15)
  A queen bee (D:13)
  13 tyrant leeches
  11 trolls
  6 polar bears
  3 meliai (D:13)
  11 hornets
  13 blink frogs
  8 bog bodies
  Grinder (D:5)
  A harpy skeleton (D:14)
  6 slime creatures
  5 hippogriffs
  A redback (Lair:6)
  11 wyverns (Lair:6)
  A vampire (D:15)
  A shadow (Swamp:4)
  2 wraiths
  6 basilisks
  A hog (Swamp:1)
  2 hungry ghosts
  A steam dragon (D:11)
  55 yaks
  14 vampire mosquitoes
  4 wargs
  12 swamp worms
  8 insubstantial wisps
  62 nagas
  2 soldier ants
  31 water moccasins
  9 porcupines
  6 hell hounds (Snake:3)
  3 ice beasts
  39 orc warriors
  6 black bears (Lair:1)
  3 phantoms
  6 swamp drakes
  2 necrophages
  5 sky beasts
  5 ogres
  An eye of draining (D:11)
  24 wolves (Lair:2)
  3 centaurs
  7 big kobolds
  8 crocodiles
  20 bullfrogs
  A wyvern zombie (D:8)
  5 scorpions
  A water moccasin skeleton (D:12)
  26 killer bees
  8 wights
  3 electric eels
  A howler monkey (D:10)
  8 crimson imps
  2 bullfrog zombies
  6 centaur zombies
  25 orc priests
  6 hounds
  6 centaur skeletons
  4 jellies
  3 bullfrog skeletons
  A gnoll shaman (D:6)
  32 orc wizards
  4 iguanas
  4 hell rats (Lair:4)
  12 worker ants
  A hound zombie (D:10)
  A hound skeleton (D:7)
  A worker ant zombie (D:5)
  6 gnolls
  18 adders
  4 shadow imps
  An ooze (D:7)
  An adder skeleton (D:8)
  2 dart slugs
  7 leopard geckos
  121 orcs
  12 giant cockroaches
  11 goblins
  13 hobgoblins
  16 jackals
  4 quokkas
  11 ball pythons
  5 bats
  6 frilled lizards
  37 kobolds
  2 quokka skeletons
  10 rats
  3 briar patches (Swamp:1)
  3 fungi
  8 plants
1215 creatures vanquished.

Vanquished Creatures (collateral kills)
  A nagaraja (Snake:4)
  6 vault guards (D:13)
  A hydra (Lair:4)
  2 sea snakes (Snake:4)
  A naga mage (Snake:4)
  A porcupine (Lair:5)
  2 centaurs (D:13)
  A bullfrog (D:13)
15 creatures vanquished.

Vanquished Creatures (others)
  A hydra (Swamp:4)
  2 lindwurms (Swamp:4)
  A hornet (Swamp:4)
  A spriggan (Swamp:4)
  2 hogs (Swamp:1)
  A swamp worm (Swamp:4)
  2 swamp drakes (Swamp:4)
  A briar patch (Swamp:1)
  12 fungi
  28 plants
  2 withered plants (Swamp:2)
53 creatures vanquished.

Grand Total: 1283 creatures vanquished

Notes
Turn   | Place    | Note
-------+----------+-------------------------------------------
     0 | D:1      | Fang the Gargoyle Berserker began the quest for the Orb.
     0 | D:1      | Reached XP level 1. HP: 14/14 MP: 1/1
   231 | D:1      | Reached XP level 2. HP: 19/19 MP: 2/2
   558 | D:1      | Reached ** piety under Trog
   558 | D:1      | Reached XP level 3. HP: 23/23 MP: 3/3
  1335 | D:2      | Reached XP level 4. HP: 29/29 MP: 4/4
  1361 | D:2      | Found an iron altar of Okawaru.
  1530 | D:3      | Found a basalt altar of Yredelemnul.
  1906 | D:3      | Noticed a big kobold
  2096 | D:3      | Reached *** piety under Trog
  2107 | D:3      | Killed a big kobold
  2107 | D:3      | Reached XP level 5. HP: 34/34 MP: 5/5
  2116 | D:3      | Noticed a big kobold
  2144 | D:3      | Killed a big kobold
  2144 | D:3      | Reached XP level 6. HP: 36/39 MP: 6/6
  2325 | D:3      | Found a sacrificial altar of Ru.
  2325 | D:3      | Found a shattered altar of Ashenzari.
  2326 | D:3      | Found a white marble altar of Elyvilon.
  2372 | D:3      | Found a burning altar of Makhleb.
  2372 | D:3      | Noticed a cacodemon
  2624 | D:4      | Found a sacrificial altar of Ru.
  3078 | D:5      | Entered Level 5 of the Dungeon
  3084 | D:5      | Found Immulau's Gadget Emporium.
  3317 | D:5      | Reached XP level 7. HP: 33/44 MP: 7/7
  3416 | D:5      | Noticed Grinder
  3426 | D:5      | Reached skill level 5 in Fighting
  3436 | D:5      | Paralysed by Grinder for 6 turns
  3449 | D:5      | Paralysed by Grinder for 5 turns
  3462 | D:5      | Killed Grinder
  3645 | D:6      | Reached skill level 5 in Armour
  3897 | D:6      | Reached XP level 8. HP: 32/51 MP: 8/8
  3946 | D:6      | Found a glowing drain.
  3957 | Sewer    | Entered a sewer
  4068 | Sewer    | Reached skill level 5 in Axes
  4396 | D:6      | Found a stormy altar of Qazlal.
  4989 | D:7      | Reached XP level 9. HP: 38/56 MP: 9/9
  5193 | D:7      | Reached **** piety under Trog
  5310 | D:7      | Reached skill level 5 in Dodging
  5538 | D:7      | Found a staircase to the Ecumenical Temple.
  5584 | Temple   | Entered the Ecumenical Temple
  6017 | D:8      | Found a sparkling altar of Nemelex Xobeh.
  6094 | D:8      | Found a runed translucent door.
  6095 | D:8      | Found a runed translucent door.
  6360 | D:8      | Noticed Joseph
  6377 | D:8      | Killed Joseph
  6544 | D:8      | Reached XP level 10. HP: 44/64 MP: 10/10
  6562 | D:8      | Received a gift from Trog
  6719 | D:8      | Noticed Gastronok
  6743 | D:8      | Killed Gastronok
  7064 | D:8      | Found Rubikoap's Jewellery Shop.
  7287 | D:9      | Found Nuegh's Assorted Antiques.
  7365 | D:9      | Found Guashrih's Book Emporium.
  7477 | D:9      | Found Laypnat's Antique Armour Emporium.
  7592 | D:9      | Found Noan's General Store.
  7678 | D:9      | Noticed an elephant
  7679 | D:9      | Noticed a death yak
  7679 | D:9      | Found a staircase to the Lair.
  7690 | D:9      | Killed an elephant
  7690 | D:9      | Reached XP level 11. HP: 66/71 MP: 11/11
  7692 | D:9      | Killed a death yak
  7901 | D:9      | Found an ornate altar of the Wu Jian Council.
  8053 | D:9      | Noticed Maurice
  8053 | D:9      | Paralysed by Maurice for 7 turns
  8067 | D:9      | Paralysed by Maurice for 4 turns
  8078 | D:9      | Killed Maurice
  8078 | D:9      | Reached skill level 10 in Fighting
  8191 | D:10     | Entered Level 10 of the Dungeon
  8899 | D:10     | Reached ***** piety under Trog
  9320 | D:10     | Reached skill level 10 in Armour
  9805 | D:10     | Found a staircase to the Orcish Mines.
 10632 | D:11     | Noticed a wizard
 10659 | D:11     | Killed a wizard
 10759 | D:11     | Noticed a death knight
 10770 | D:11     | Killed a death knight
 11192 | D:11     | Noticed an unseen horror
 11200 | D:11     | Killed an unseen horror
 11200 | D:11     | Reached XP level 12. HP: 74/79 MP: 12/12
 11581 | Lair:1   | Entered Level 1 of the Lair of Beasts
 12189 | Lair:1   | Reached ****** piety under Trog
 13005 | Lair:2   | Reached skill level 10 in Axes
 13011 | Lair:2   | Received a gift from Trog
 13661 | Lair:2   | Reached XP level 13. HP: 50/86 MP: 13/13
 14831 | Lair:3   | Found a staircase to the Snake Pit.
 14855 | Lair:3   | Received a gift from Trog
 16330 | Lair:4   | Found a staircase to the Swamp.
 16474 | Lair:4   | HP: 5/130 [death yak (3)]
 16475 | Lair:4   | HP: 1/130 [death yak (4)]
 17029 | Lair:4   | Reached skill level 10 in Dodging
 17721 | Lair:5   | Gained mutation: Your large and strong wings let you fly
                  | indefinitely. [Gargoyle growth]
 17721 | Lair:5   | Reached XP level 14. HP: 37/94 MP: 14/14
 19349 | Lair:6   | Entered Level 6 of the Lair of Beasts
 19359 | Lair:6   | Received a gift from Trog
 19925 | Lair:6   | Found a viscous altar of Jiyva.
 19925 | Lair:6   | Found a staircase to the Slime Pits.
 21664 | Lair:6   | Found a runed translucent door.
 22170 | Lair:6   | Reached XP level 15. HP: 85/100 MP: 15/15
 22828 | D:12     | Received a gift from Trog
 22960 | D:12     | Found a frozen archway.
 23134 | D:12     | Found a runed translucent door.
 23135 | D:12     | Found a shimmering altar of Xom.
 23135 | D:12     | Noticed Crabhammer's ghost (journeyman GrEE)
 23135 | D:12     | Identified the +8 trident of Weonofo {chaos, rPois MP+9
                  | Int+3 SInv}
 23883 | D:13     | Found a gate to the Vaults.
 24396 | D:13     | Got a fine tin ring
 24463 | D:13     | Received a gift from Trog
 24494 | D:13     | Identified the ring of Caly {+Fly Str+4} (You found it on
                  | level 13 of the Dungeon)
 24691 | D:13     | Got a brightly glowing cloak
 24702 | D:13     | Identified the +0 cloak of the Merchant {rCorr Stlth+} (You
                  | found it on level 13 of the Dungeon)
 24916 | D:13     | Found Qine's Food Boutique.
 25015 | D:14     | Got a translucent turquoise ring
 25020 | D:14     | Identified the ring of Toxatel {rElec Int+3 Dex+3} (You
                  | found it on level 14 of the Dungeon)
 25385 | D:14     | Noticed Louise
 25410 | D:14     | Killed Louise
 25888 | D:14     | Found a shadowy altar of Dithmenos.
 25995 | D:14     | Reached skill level 15 in Fighting
 26518 | D:15     | Entered Level 15 of the Dungeon
 26593 | D:15     | Reached skill level 15 in Armour
 26829 | D:15     | Found a staircase to the Depths.
 26928 | D:15     | Reached XP level 16. HP: 108/108 MP: 16/16
 27397 | D:15     | Received a gift from Trog
 27943 | Orc:1    | Entered Level 1 of the Orcish Mines
 27952 | Orc:1    | Found a roughly hewn altar of Beogh.
 28229 | Orc:1    | Noticed Nergalle
 28233 | Orc:1    | Killed Nergalle
 28725 | Orc:2    | Entered Level 2 of the Orcish Mines
 29075 | Orc:2    | Found a roughly hewn altar of Beogh.
 29096 | Orc:2    | Found a staircase to the Elven Halls.
 29275 | Orc:2    | Found a roughly hewn altar of Beogh.
 29371 | Orc:2    | Found a roughly hewn altar of Beogh.
 29418 | Orc:2    | Received a gift from Trog
 29455 | Orc:2    | Found Ugo Taymno's Armour Shoppe.
 29468 | Orc:2    | Found a roughly hewn altar of Beogh.
 29567 | Orc:2    | Found a roughly hewn altar of Beogh.
 29585 | Orc:2    | Found Qimety's Assorted Antiques.
 30192 | Orc:2    | Found a roughly hewn altar of Beogh.
 30192 | Orc:2    | Found Epaetsak's Antique Armour Boutique.
 30197 | Orc:2    | Found Quff's Antique Weapon Shop.
 30261 | Orc:2    | Found a roughly hewn altar of Beogh.
 30262 | Orc:2    | Found Ytwuph's Antique Armour Boutique.
 30535 | Snake:1  | Entered Level 1 of the Snake Pit
 30602 | Snake:1  | Received a gift from Trog
 32569 | Snake:2  | Received a gift from Trog
 32569 | Snake:2  | Reached XP level 17. HP: 60/115 MP: 17/17
 33443 | Snake:3  | Found Ovif's Jewellery Emporium.
 33443 | Snake:3  | Found Biocuit's Assorted Antiques.
 33677 | Snake:3  | Noticed Azrael
 33686 | Snake:3  | Killed Azrael
 34240 | Snake:4  | Entered Level 4 of the Snake Pit
 35219 | Snake:4  | Noticed Aizul
 35244 | Snake:4  | Killed Aizul
 35247 | Snake:4  | Received a gift from Trog
 35932 | Snake:4  | Reached XP level 18. HP: 109/123 MP: 18/18
 36002 | Snake:4  | Received a gift from Trog
 36301 | Snake:4  | Got a serpentine rune of Zot
 36841 | Snake:4  | Reached skill level 15 in Axes
 37047 | Swamp:1  | Entered Level 1 of the Swamp
 37152 | Swamp:1  | Noticed Kirke
 37167 | Swamp:1  | Killed Kirke
 38725 | Swamp:2  | Received a gift from Trog
 38726 | Swamp:2  | Found the +8 frozen axe "Frostbite" {freezing cloud, *Noise
                  | +Fly rC+}
 39156 | Swamp:2  | Found a runed translucent door.
 39157 | Swamp:2  | Noticed Tsarbomb's ghost (journeyman MiBe)
 40087 | Swamp:4  | Entered Level 4 of the Swamp
 40153 | Swamp:3  | HP: 6/124 [seven-headed hydra (8)]
 40153 | Swamp:3  | Slain by a seven-headed hydra

Skill      XL: |  1  2  3  4  5  6  7  8  9 10 11 12 13 14 15 16 17 18 |
---------------+-------------------------------------------------------+-----
Axes           | 3 4 5 6 8 9 10 11 12 13 14 15 | 15.3
Dodging        | 2 3 4 5 7 8 9 10 11 12 13 14 | 14.2
Armour         | 3 4 5 6 7 9 10 11 13 14 15 16 17 | 17.7
Fighting       | 4 5 6 8 9 10 12 13 14 15 16 17 | 17.8

Action                   |  1- 3 |  4- 6 |  7- 9 | 10-12 | 13-15 | 16-18 || total
-------------------------+-------+-------+-------+-------+-------+-------++-------
Melee: Hand axe          |   136 |   279 |       |       |       |       ||   415
       War axe           |       |       |   338 |   553 |    23 |       ||   914
       Battleaxe         |       |       |       |    59 |  1153 |  1152 ||  2364
       Executioner's axe |       |       |       |       |       |   108 ||   108
Invok: Berserk           |       |       |     4 |     9 |    15 |    15 ||    43
       Brothers in Arms  |       |       |       |       |     2 |     2 ||     4
 Abil: Fly               |       |       |       |       |     1 |       ||     1
  Use: Scroll            |       |     4 |    13 |    10 |    18 |    13 ||    58
       Potion            |       |       |       |       |     3 |     5 ||     8
 Stab: Confused          |       |       |       |       |       |     2 ||     2
       Distracted        |       |       |       |       |       |     1 ||     1
  Eat: Chunk             |     2 |     6 |    13 |    28 |    62 |    48 ||   159
       Ration            |       |       |       |     2 |     2 |     3 ||     7
Armor: Animal skin       |    13 |       |       |       |       |       ||    13
       Plate armour      |    88 |   217 |   269 |   556 |  1092 |  1312 ||  3534
Dodge: Dodged            |    73 |   115 |   153 |   435 |   994 |  1119 ||  2889
